 Dungeon Crawl Stone Soup version 0.20-a0-893-g832831a (webtiles) character file.

149 nikopol the Chopper (level 5, -1/70 HPs)
             Began as a Minotaur Berserker on Mar 17, 2017.
             Was a Believer of Trog.
             Slain by a yak (14 damage)
             ... on level 4 of the Dungeon.
             The game lasted 00:06:29 (2682 turns).

nikopol the Chopper (Minotaur Berserker)            Turns: 2682, Time: 00:06:30

Health: -1/70      AC:  7    Str: 26    XL:     5   Next: 9%
Magic:  4/4        EV: 11    Int:  4    God:    Trog [**....]
Gold:   161        SH:  0    Dex: 11    Spells: 4/4 levels left

rFire    . . .     SeeInvis .   a - +0 hand axe
rCold    . . .     Gourm    .   p - +0 scale mail
rNeg     . . .     Faith    .   (no shield)
rPois    .         Spirit   .   (helmet restricted)
rElec    .         Reflect  .   (no cloak)
rCorr    .         Harm     .   (no gloves)
MR       .....                  (no boots)
Stlth    ..........             (no amulet)
Regen    0.3/turn               (no ring)
MPRegen  0.1/turn               (no ring)

@: berserking, very quick
A: retaliatory headbutt, horns 2
a: Berserk, Trog's Hand, Burn Spellbooks, Renounce Religion


You were on level 4 of the Dungeon.
You worshipped Trog.
Trog was pleased with you.
You were not hungry.

You visited 1 branch of the dungeon, and saw 4 of its levels.

You collected 161 gold pieces.

Inventory:

Hand Weapons
 a - a +0 hand axe (weapon)
Armour
 b - a +0 animal skin
 m - a +0 ring mail
 p - a +0 scale mail (worn)
Jewellery
 u - an uncursed ring of fire {unknown}
 v - an uncursed amulet of faith {unknown}
Scrolls
 e - a scroll of fog {unknown}
 g - 3 scrolls of enchant weapon {unknown}
 j - 3 scrolls of teleportation {unknown}
 k - a scroll of magic mapping {unknown}
 l - a scroll of remove curse {unknown}
 n - 4 scrolls of identify {unknown}
 q - a scroll of enchant armour {unknown}
 r - a scroll of amnesia {unknown}
Potions
 d - 4 potions of curing {unknown}
 h - a potion of ambrosia {unknown}
 i - a potion of might {unknown}
 o - a potion of berserk rage {unknown}
 t - a potion of cancellation {unknown}
 w - a potion of heal wounds {unknown}
Comestibles
 c - 3 bread rations
 f - 3 royal jellies


   Skills:
 + Level 4.5 Fighting
 * Level 4.8 Axes
 + Level 3.9 Armour
 + Level 3.3 Dodging


You had 4 spell levels left.
You didn't know any spells.

Dungeon Overview and Level Annotations

Branches:
Dungeon (4/15)
 Temple: D:4-7

Altars:
Cheibriados
Wu Jian


Innate Abilities, Weirdness & Mutations

You reflexively headbutt those who attack you in melee.
You have a pair of horns on your head.


Message History

You are too injured to fight recklessly!
You are too injured to fight recklessly!
You are too injured to fight recklessly!
A red film seems to cover your vision as you go berserk!
You feel yourself moving faster!
You feel mighty!
You feel a lot more hungry. The yak closely misses you. The yak gores you.
The yak gores you!
* * * LOW HITPOINT WARNING * * *
You barely miss the yak. Your headbutt misses the yak.
The yak is lightly wounded.
You barely miss the yak. You slash the yak! The yak closely misses you.
The yak gores you!
* * * LOW HITPOINT WARNING * * *
You slash the yak! You headbutt the yak!
The yak is severely wounded.
You hit the yak. You barely miss the yak. The yak gores you but does no damage.
You slash the yak!
The yak is almost dead.
You hit the yak. You hit the yak but do no damage.
The yak gores you but does no damage. The yak gores you!
You die...

############.
#...........#
#...........#
#...........#
#...........#
#...........# ######
#......YY...# #.....
#......@Y...# #.....
#.......#+### #.....
#.......# ########.....
#.......# #........<...
#.......####.......##'##
#..................#....
#..................#....
#...........########....
#...........# #.....


You could see 3 yaks.

Vanquished Creatures
  An orc wizard (D:4)
  3 adders
  2 oozes
  3 worms
  3 dart slugs
  A leopard gecko (D:2)
  6 orcs
  7 bats
  4 giant cockroaches
  7 goblins
  4 hobgoblins
  2 jackals (D:3)
  2 quokkas (D:2)
  A ball python (D:1)
  2 frilled lizards
  A jackal skeleton (D:4)
  7 kobolds
  5 rats
61 creatures vanquished.

Notes
Turn   | Place    | Note
-------+----------+-------------------------------------------
     0 | D:1      | nikopol the Minotaur Berserker began the quest for the Orb.
     0 | D:1      | Reached XP level 1. HP: 19/19 MP: 0/0
   215 | D:1      | Reached XP level 2. HP: 26/27 MP: 1/1
   757 | D:2      | Reached XP level 3. HP: 30/33 MP: 2/2
   834 | D:2      | Found a snail-covered altar of Cheibriados.
   904 | D:2      | Found an ornate altar of the Wu Jian Council.
   944 | D:2      | Reached ** piety under Trog
  1541 | D:2      | Reached XP level 4. HP: 38/40 MP: 3/3
  2431 | D:4      | Reached XP level 5. HP: 34/47 MP: 4/4
  2673 | D:4      | Noticed a yak
  2674 | D:4      | Noticed a yak
  2674 | D:4      | Noticed a yak
  2682 | D:4      | Slain by a yak

Vault maps used:
D:1:      lemuel_arrival_behind_the_door_large
D:2:      lemuel_crystal_altar, cheibriados_altar_1
D:4:      grunt_temple_overflow_open, first_bread, led_sif_pool

Skill      XL: |  1  2  3 |
---------------+----------+-----
Axes           | 4 |  4.8
Armour         | 3 |  3.9
Fighting       | 4 |  4.5
Dodging        | 3 |  3.3

Action                   |  1- 3 |  4- 6 || total
-------------------------+-------+-------++-------
Melee: Hand axe          |    69 |    70 ||   139
       Headbutt          |    13 |     9 ||    22
Invok: Burn Spellbooks   |       |     1 ||     1
       Berserk           |       |     1 ||     1
  Eat: Chunk             |     1 |     5 ||     6
Armor: Animal skin       |     7 |       ||     7
       Scale mail        |     5 |    23 ||    28
       Ring mail         |     1 |       ||     1
Dodge: Dodged            |    47 |    45 ||    92
